[Event "Titled Tuesday Blitz July 05 Late 2022"]
[White "Zhigalko, Sergei"]
[Black "Dubov, Daniil"]
[WhiteFideId "13502956"]
[BlackFideId "24126055"]
[WhiteElo "2662"]
[BlackElo "2791"]
[Result "0-1"]
[Round "09"]
[TimeControl "180+1"]
[Date "2022.07.05"]
[WhiteClock "0:00:01"]
[BlackClock "0:00:05"]

1. e4 e5 2. Nf3 Nc6 3. Bb5 a6 4. Ba4 Nf6 5. O-O Be7 6. Re1 b5 7. Bb3 O-O 8. d3 d6 9. c3 Re8 10. Ng5 Rf8 11. Nf3 h6 12. Nbd2 Re8 13. Nf1 Bf8 14. Ng3 g6 15. h3 Bg7 16. d4 Rb8 17. a3 Bd7 18. Qd3 Qe7 19. Ba2 Kh7 20. Bd2 Rbd8 21. Rad1 Bc8 22. Qc2 Bb7 23. Bc1 Nb8 24. Qb3 Kg8 25. Nh4 d5 26. dxe5 Nxe4 27. Nxg6 fxg6 28. Rxe4 Nd7 29. Qc2 Nf8 30. Ree1 Qh4 31. e6 Kh7 32. Bb1 Rd6 33. e7 Rxe7 34. Rxe7 Qxe7 35. Nh5 Be5 36. Nf4 Qf7 37. Nd3 Bg7 38. Re1 Nd7 39. Nf4 Ne5 40. Qd1 d4 41. cxd4 Nd7 42. d5 Bxd5 43. Qc2 Ne5 0-1


[Site "https://www.chess.com"]

[Event "Titled Tuesday Blitz July 05 Late 2022"]
[White "Zhou, Qiyu"]
[Black "Kohler, Aran"]
[WhiteFideId "505161"]
[BlackFideId "1002856"]
[WhiteElo "1925"]
[BlackElo "2285"]
[Result "0-1"]
[Round "09"]
[TimeControl "180+1"]
[Date "2022.07.06"]
[WhiteClock "0:00:03"]
[BlackClock "0:00:12"]

1. e4 g6 2. d4 Bg7 3. Nc3 d6 4. Be3 a6 5. f3 e6 6. Qd2 h6 7. O-O-O Ne7 8. g4 Nd7 9. h4 b5 10. Kb1 Bb7 11. Bg2 b4 12. Nce2 a5 13. Nc1 e5 14. Nge2 Qc8 15. f4 exf4 16. Nxf4 Nf6 17. g5 Nxe4 18. Bxe4 Bxe4 19. Rhg1 hxg5 20. hxg5 Qb7 21. Rde1 d5 22. Ncd3 O-O-O 23. Nc5 Qc6 24. Nfd3 Nf5 25. Nb3 Qb6 26. Ndc5 Nd6 27. Qf2 a4 28. Nxa4 Qa7 29. Nac5 Rhf8 30. Bd2 Qb6 31. Ref1 Bf5 32. Bf4 Rde8 33. Re1 Ne4 34. Nxe4 Bxe4 35. Be3 f5 36. Bf4 Rh8 37. Qd2 Rh4 38. Rgf1 Reh8 39. Nc5 Bf8 40. Be5 R8h7 41. Nb3 Bd6 42. Bxd6 cxd6 43. Rf2 Ra7 44. Nc1 Rc7 45. Qe3 Rh8 46. Rg1 Re8 47. Re1 Bxc2+ 48. Rxc2 Rxe3 49. Rxe3 Rxc2 50. Kxc2 Qc6+ 51. Kd2 Qb5 52. Nd3 Qc4 53. Re6 Qxd4 54. Rxd6 Qg1 55. Rxg6 Qg2+ 56. Kc1 f4 57. Rg8+ Kb7 58. Rg7+ Kb6 59. Rg6+ Kb5 60. Rf6 Qf1+ 61. Kc2 f3 62. Ne5 Qe2+ 63. Kc1 Qxe5 64. Rf4 Qxg5 0-1


[Site "https://www.chess.com"]

[Event "Titled Tuesday Blitz July 05 Late 2022"]
[White "Aggelis, Nikolaos"]
[Black "Miszler, Levente"]
[WhiteFideId "4213220"]
[BlackFideId "763276"]
[WhiteElo "2154"]
[BlackElo "1966"]
[Result "1-0"]
[Round "10"]
[TimeControl "180+1"]
[Date "2022.07.06"]
[WhiteClock "0:00:01"]
[BlackClock "0:00:01"]

1. Nf3 e6 2. d4 d5 3. c4 c6 4. cxd5 exd5 5. Nc3 Nf6 6. Bg5 Be7 7. Qc2 h6 8. Bh4 O-O 9. e3 Re8 10. Bd3 Nbd7 11. O-O Nf8 12. Rab1 Bg4 13. Ne5 Be6 14. b4 N6d7 15. Bxe7 Qxe7 16. f4 f6 17. Nxd7 Nxd7 18. Rfe1 Bf7 19. b5 Rac8 20. bxc6 Rxc6 21. Rxb7 Rec8 22. Rb3 Nb6 23. Ba6 R8c7 24. Bb5 Re6 25. Qd3 Nc4 26. Bxc4 dxc4 27. Rb8+ Be8 28. Qd2 Qd6 29. Nb5 Qc6 30. Nxc7 Qxc7 31. Reb1 c3 32. Qc2 Rxe3 33. Qg6 Qc6 34. R1b7 Re1+ 35. Kf2 Re2+ 36. Kxe2 Qa6+ 37. Kf2 Qxa2+ 38. Kg3 Qf7 39. Rxe8+ 1-0


[Site "https://www.chess.com"]

[Event "Titled Tuesday Blitz July 05 Late 2022"]
[White "Antonova, Nadezhda"]
[Black "Thiel, Thomas"]
[WhiteFideId "14700182"]
[BlackFideId "4615964"]
[WhiteElo "1835"]
[BlackElo "2271"]
[Result "0-1"]
[Round "10"]
[TimeControl "180+1"]
[Date "2022.07.06"]
[WhiteClock "0:00:02"]
[BlackClock "0:00:31"]

1. Nf3 Nf6 2. b3 g6 3. Bb2 Bg7 4. g3 O-O 5. Bg2 d6 6. d4 Nbd7 7. O-O Re8 8. Re1 e5 9. dxe5 Ng4 10. Qd2 a5 11. c4 Ngxe5 12. Nc3 a4 13. Nxa4 Nxc4 14. bxc4 Rxa4 15. Bxg7 Kxg7 16. Qc2 Nc5 17. e4 Be6 18. e5 Rxc4 19. Qb2 Nd3 20. Qxb7 Nxe1 21. Rxe1 d5 22. Nd2 Rc2 23. Nb3 c5 24. a4 Re7 25. Qb5 Qc7 26. Qd3 Ra2 27. Qf3 Rxa4 28. Qf6+ Kg8 29. h4 Re8 30. h5 Qe7 31. Qxe7 Rxe7 32. Nxc5 Rc4 33. Nd3 d4 34. h6 Re8 35. Nf4 Rc3 36. Rd1 Rd8 37. Rd2 d3 38. Be4 Rc2 39. Rxd3 Rxd3 40. Bxd3 Rc5 41. Nxe6 fxe6 42. f4 Rc3 43. Be4 Rxg3+ 44. Kf2 Rh3 45. Bc6 Rxh6 46. Kg3 Rh5 47. Bd7 Kf7 48. Bc8 Ke7 49. Bb7 g5 50. Bf3 Rh4 51. fxg5 Ra4 0-1


[Site "https://www.chess.com"]

[Event "Titled Tuesday Blitz July 05 Late 2022"]
[White "Arabidze, Meri"]
[Black "Silva, Miguel Antonio Neto"]
[WhiteFideId "13604040"]
[BlackFideId "1911929"]
[WhiteElo "2335"]
[BlackElo "2223"]
[Result "1-0"]
[Round "10"]
[TimeControl "180+1"]
[Date "2022.07.06"]
[WhiteClock "0:00:15"]
[BlackClock "0:00:17"]

1. Nf3 c5 2. g3 Nc6 3. Bg2 g6 4. O-O Bg7 5. e3 d5 6. d4 cxd4 7. exd4 Nf6 8. c3 O-O 9. Bf4 Bf5 10. Nbd2 a6 11. Ne5 Rc8 12. Re1 Nxe5 13. Bxe5 Qb6 14. Nb3 Rcd8 15. h3 h5 16. Qc1 Ne4 17. Bxg7 Kxg7 18. Qf4 Qd6 19. Qxd6 exd6 20. Re3 Rfe8 21. Rae1 Kf8 22. g4 hxg4 23. hxg4 Bd7 24. Bxe4 dxe4 25. Rxe4 Rxe4 26. Rxe4 Bc6 27. Re3 b6 28. f3 Bd5 29. Nc1 b5 30. a3 Kg7 31. Nd3 Kf6 32. Nb4 Bb7 33. Kg2 Rd7 34. Nc2 g5 35. Ne1 Bd5 36. Nd3 Rd8 37. Nf2 Rd7 38. Ne4+ Kg6 39. Re1 f5 40. gxf5+ Kxf5 41. Kg3 Bc6 42. Nf2 Rf7 43. Ng4 Kg6 44. Re6+ Kg7 45. Nh2 Rd7 46. Nf1 Bd5 47. Re1 Rf7 48. Nd2 Kf6 49. Ne4+ Bxe4 50. fxe4 Kg6 51. e5 dxe5 52. Rxe5 Rf6 53. d5 Rd6 54. Kg4 Kf6 55. Rf5+ Ke7 56. Rxg5 Rf6 57. Rf5 Rg6+ 58. Kf3 Kd6 59. b3 Kc5 60. Ke2 Rg3 61. Kd2 Rg2+ 62. Kd3 Rg3+ 63. Ke4 Rxc3 64. Rf6 Rc1 65. Rc6# 1-0


[Site "https://www.chess.com"]

[Event "Titled Tuesday Blitz July 05 Late 2022"]
[White "Bjelobrk, Igor"]
[Black "Estrada Nieto, Julian"]
[WhiteFideId "4300726"]
[BlackFideId "5101018"]
[WhiteElo "2335"]
[BlackElo "2252"]
[Result "1-0"]
[Round "10"]
[TimeControl "180+1"]
[Date "2022.07.05"]
[WhiteClock "0:00:06"]
[BlackClock "0:00:04"]

1. Nf3 d5 2. c4 dxc4 3. e3 Nf6 4. Bxc4 e6 5. O-O c5 6. b3 Nc6 7. Bb2 a6 8. Be2 Be7 9. d3 O-O 10. a3 b6 11. Nbd2 Bb7 12. Qc2 Rc8 13. Rac1 Nd7 14. Ne4 Nf6 15. Ned2 Nd7 16. Ne4 Nf6 17. Nfd2 Nxe4 18. Nxe4 f5 19. Nd2 Bf6 20. Rfd1 Ne5 21. Qb1 Qe8 22. d4 Qg6 23. g3 cxd4 24. Bxd4 Ng4 25. Rxc8 Rxc8 26. Bxf6 Qxf6 27. Bf3 Qh6 28. h4 Bxf3 29. Nxf3 Nxe3 30. Rc1 Rd8 31. Ng5 Nd5 32. Rc6 Re8 33. Qe1 Qf6 34. Rxe6 Rxe6 35. Nxe6 Qxe6 36. Qxe6+ Kf8 37. Qxd5 1-0


[Site "https://www.chess.com"]

[Event "Titled Tuesday Blitz July 05 Late 2022"]
[White "Cardoso Cardoso, Jose Gabriel"]
[Black "Silva Lucena, Cristian"]
[WhiteFideId "4430492"]
[BlackFideId "2232588"]
[WhiteElo "2485"]
[BlackElo "2223"]
[Result "1-0"]
[Round "10"]
[TimeControl "180+1"]
[Date "2022.07.05"]
[WhiteClock "0:00:09"]
[BlackClock "0:00:18"]

1. d4 d5 2. Nc3 c6 3. Bf4 Nf6 4. e3 g6 5. h4 Bg7 6. Bd3 h5 7. Nf3 Bg4 8. Qd2 Bxf3 9. gxf3 e6 10. Be5 O-O 11. O-O-O Nbd7 12. f4 c5 13. Rhg1 c4 14. Bxg6 fxg6 15. Rxg6 Kf7 16. Rdg1 Rg8 17. Qe2 Qe7 18. Nb5 Nxe5 19. fxe5 Ng4 20. Rg5 Bxe5 21. Rxg8 Rxg8 22. dxe5 Nxe5 23. Qxh5+ Ng6 24. Nd4 Qxh4 25. Qxh4 Nxh4 26. Rxg8 Kxg8 27. Nxe6 Nf3 28. Kd1 Kf7 29. Nd8+ Ke7 30. Nxb7 Ne5 31. f4 Ng4 32. Ke2 Kd7 33. b3 Kc7 34. Nc5 Kd6 35. Na4 Nf6 36. Nc3 Kc5 37. a3 a5 38. Kd2 cxb3 39. cxb3 d4 40. exd4+ Kxd4 41. b4 axb4 42. axb4 Kc4 43. b5 Kc5 44. Kd3 Nh5 45. f5 Nf6 46. Ne4+ Nxe4 47. Kxe4 Kxb5 48. f6 Kc6 49. f7 Kd7 50. f8=Q Ke6 51. Qf5+ 1-0


[Site "https://www.chess.com"]

[Event "Titled Tuesday Blitz July 05 Late 2022"]
[White "Chernobay, Artem"]
[Black "Lashkin, Jegor"]
[WhiteFideId "4167406"]
[BlackFideId "13907808"]
[WhiteElo "2473"]
[BlackElo "2368"]
[Result "0-1"]
[Round "10"]
[TimeControl "180+1"]
[Date "2022.07.05"]
[WhiteClock "0:00:08"]
[BlackClock "0:00:09"]

1. d4 Nf6 2. c4 e6 3. Nf3 d5 4. g3 dxc4 5. Bg2 c6 6. O-O b5 7. a4 Bb7 8. b3 cxb3 9. Qxb3 b4 10. a5 c5 11. dxc5 Bxc5 12. Bd2 Na6 13. Ne5 Bxg2 14. Qa4+ Ke7 15. Kxg2 Qd5+ 16. Nf3 Rhd8 17. Bf4 Ne4 18. Qb5 Bd4 19. Nxd4 Qxd4 20. Qxa6 Nc5 21. Qb5 a6 22. Qb6 Qd5+ 23. f3 Qc4 24. Nd2 Qxe2+ 25. Rf2 Qb5 26. Qc6 Qxc6 0-1


[Site "https://www.chess.com"]

[Event "Titled Tuesday Blitz July 05 Late 2022"]
[White "De Arruda, Leandro Formes"]
[Black "Tsukerman, Julia"]
[WhiteFideId "22722009"]
[BlackFideId "2621649"]
[WhiteElo "1852"]
[BlackElo "2182"]
[Result "1/2-1/2"]
[Round "10"]
[TimeControl "180+1"]
[Date "2022.07.06"]
[WhiteClock "0:00:10"]
[BlackClock "0:00:10"]

1. d4 d5 2. Nf3 Nf6 3. e3 e6 4. Bd3 c5 5. c3 Be7 6. Nbd2 Nc6 7. O-O O-O 8. Ne5 Qc7 9. f4 b6 10. Rf3 Bb7 11. Rh3 Nxe5 12. Bxh7+ Nxh7 13. Qh5 f6 14. dxe5 fxe5 15. Qxh7+ Kf7 16. Rg3 Bf6 17. fxe5 Qxe5 18. Qg6+ Ke7 19. Nb3 Qf5 20. Qxf5 exf5 21. Bd2 Be5 22. Rg6 Kf7 23. Rg5 g6 24. Rf1 Kg7 25. h4 Bf6 26. Rg3 Bxh4 27. Rh3 Bf6 28. Rg3 Be5 29. Rh3 Rad8 30. Be1 Ba6 31. Rff3 Be2 32. Rf2 Bg4 33. Rh1 Bg3 34. Rf1 Be5 35. Nd2 Rh8 36. Rxh8 Rxh8 37. Nf3 Bxf3 38. Rxf3 Rd8 39. Kf2 d4 40. exd4 cxd4 41. Rd3 Bf6 42. cxd4 Rxd4 43. Rb3 Rd1 44. Ke2 Rd6 45. g3 Re6+ 46. Kf1 Kf7 47. Ra3 Re7 48. Rb3 Rd7 49. Ke2 Be5 50. Kf3 Ke6 51. Bb4 Rd5 52. a4 Bd6 53. Bc3 Be5 54. Bd2 Kf6 55. Be3 Rd7 56. a5 bxa5 57. Rb5 a4 58. Ra5 Bxb2 59. Rxa4 Be5 60. Rxa7 Rxa7 61. Bxa7 g5 62. Be3 g4+ 63. Kg2 Ke6 64. Bg5 Kd5 65. Kf2 Ke4 66. Bh6 Bd4+ 67. Kg2 Be3 68. Bg7 f4 69. gxf4 Bxf4 70. Bc3 Kd3 71. Be1 Ke2 72. Bh4 Kd3 73. Be1 Ke4 74. Bh4 Kf5 75. Be1 Bg5 76. Bg3 Ke4 77. Be1 Ke3 78. Kg3 Ke2 79. Kxg4 1/2-1/2


[Site "https://www.chess.com"]

[Event "Titled Tuesday Blitz July 05 Late 2022"]
[White "Diaz Perez, Michel Alejandro"]
[Black "Jeet, Jain"]
[WhiteFideId "3517179"]
[BlackFideId "5073022"]
[WhiteElo "2313"]
[BlackElo "2055"]
[Result "1-0"]
[Round "10"]
[TimeControl "180+1"]
[Date "2022.07.05"]
[WhiteClock "0:01:22"]
[BlackClock "0:00:27"]

1. e4 d5 2. exd5 Nf6 3. c4 e6 4. d4 exd5 5. Nc3 Be7 6. Nf3 O-O 7. h3 Bf5 8. Be2 c6 9. O-O h6 10. Re1 Nbd7 11. Ne5 dxc4 12. Bxc4 Nb6 13. Bb3 Nfd5 14. Qf3 Be6 15. Ne4 a5 16. a3 a4 17. Ba2 Nc7 18. Bb1 Qxd4 19. Ng4 f5 20. Nxh6+ gxh6 21. Qg3+ Kh8 22. Qxc7 fxe4 23. Be3 Qxb2 24. Bxe4 Bd8 25. Qh7# 1-0


[Site "https://www.chess.com"]

[Event "Titled Tuesday Blitz July 05 Late 2022"]
[White "Dilanyan, Grigor"]
[Black "Janaszak, Dawid"]
[WhiteFideId "13303570"]
[BlackFideId "1119206"]
[WhiteElo "2279"]
[BlackElo "2199"]
[Result "0-1"]
[Round "10"]
[TimeControl "180+1"]
[Date "2022.07.05"]
[WhiteClock "0:00:18"]
[BlackClock "0:00:16"]

1. d4 Nf6 2. Nf3 g6 3. Bg5 Bg7 4. Nbd2 d6 5. c3 O-O 6. e4 h6 7. Bh4 c5 8. dxc5 dxc5 9. Bc4 Nh5 10. Bg3 Nc6 11. Ke2 e6 12. Qc2 Na5 13. Rad1 Qf6 14. Be5 Qe7 15. Bxg7 Kxg7 16. Kf1 b6 17. Be2 Nf4 18. g3 Nxe2 19. Kxe2 Ba6+ 20. c4 Rad8 21. Kf1 Nxc4 22. Kg2 Nxd2 23. Rxd2 Rxd2 24. Qxd2 Rd8 25. Qc3+ Qf6 26. Ne5 Rd4 27. Nc6 Rxe4 28. Qxf6+ Kxf6 29. Nxa7 Bb7 30. f3 Re2+ 31. Kh3 Bxf3 32. Rf1 Re3 33. Nc8 h5 34. Nxb6 Kg5 35. Nc4 Bg4+ 36. Kg2 Re2+ 37. Rf2 Bh3+ 38. Kf3 Bg4+ 39. Kg2 Bh3+ 40. Kf3 Re1 41. Nd2 f5 42. Nc4 e5 43. Rd2 e4+ 44. Kf2 Rf1+ 45. Ke2 Ra1 46. a3 Bf1+ 47. Ke3 Bxc4 48. Rc2 Bd3 49. Rxc5 Re1+ 50. Kd4 Rh1 51. h4+ Kg4 52. Rc6 Kxg3 53. Rxg6+ Kxh4 54. Ke5 e3 55. Kf4 e2 0-1


[Site "https://www.chess.com"]

[Event "Titled Tuesday Blitz July 05 Late 2022"]
[White "Doluhanova, Evgeniya"]
[Black "Ambartsumova, Karina"]
[WhiteFideId "14112035"]
[BlackFideId "4166299"]
[WhiteElo "2076"]
[BlackElo "2262"]
[Result "0-1"]
[Round "10"]
[TimeControl "180+1"]
[Date "2022.07.06"]
[WhiteClock "0:00:05"]
[BlackClock "0:01:08"]

1. Nf3 Nf6 2. b3 g6 3. Bb2 Bg7 4. e3 c5 5. Be2 d5 6. c4 Nc6 7. cxd5 Qxd5 8. d4 cxd4 9. Nxd4 Nxd4 10. Bxd4 Qxg2 11. Bf3 Qh3 12. Nc3 O-O 13. Qe2 Bg4 14. Bxg4 Qxg4 15. Qxg4 Nxg4 16. Bxg7 Kxg7 17. Ke2 Rac8 18. Rac1 Rfd8 19. h3 Nf6 20. Nb5 a6 21. Nd4 Ne4 22. a3 e5 23. Nf3 f6 24. Rhe1 Kf7 25. Kf1 Ke6 26. Kg2 Rxc1 27. Rxc1 Rd3 28. b4 Rxa3 29. Rc7 Ra2 30. Rxb7 Rxf2+ 0-1


[Site "https://www.chess.com"]

[Event "Titled Tuesday Blitz July 05 Late 2022"]
[White "Domingo Nunez, Alejandro"]
[Black "Riehle, Marco"]
[WhiteFideId "22245561"]
[BlackFideId "12904392"]
[WhiteElo "2222"]
[BlackElo "2462"]
[Result "1/2-1/2"]
[Round "10"]
[TimeControl "180+1"]
[Date "2022.07.05"]
[WhiteClock "0:00:26"]
[BlackClock "0:01:02"]

1. Nf3 c5 2. g3 Nc6 3. d4 cxd4 4. Nxd4 e5 5. Nxc6 dxc6 6. Qxd8+ Kxd8 7. c4 Kc7 8. Nc3 Be6 9. b3 Bb4 10. Bb2 Rd8 11. a3 Be7 12. Bg2 Nh6 13. Rd1 Nf5 14. e3 Rxd1+ 15. Kxd1 Rd8+ 16. Kc2 f6 17. Rd1 Rxd1 18. Nxd1 h5 19. Nc3 h4 20. Ne4 g5 21. g4 Nd6 22. h3 Nxe4 23. Bxe4 a6 24. Kd3 b5 25. cxb5 cxb5 26. b4 Kb6 27. Kc2 a5 28. Bc3 a4 29. Bd3 Bd5 30. e4 Be6 31. Bd2 Kc6 32. Be3 Bd8 33. f3 Bb3+ 34. Kc3 Bc7 35. Bc2 Be6 36. Bd3 Bd7 37. Bc5 Bd8 38. Be2 Be6 39. Bd3 Bf7 40. Bf1 Bb3 41. Be2 Be6 42. Bd3 Bd7 43. Be2 Kc7 44. Bd3 Bc6 45. Be2 Kb7 46. Bd3 Ka6 47. Bc2 Bd7 48. Bd3 Be6 49. Be2 Bb3 50. Bf8 Kb6 51. Bc5+ Kc6 52. Be3 Be7 53. Ba7 Kc7 54. Be3 Bd6 55. Ba7 Kb7 56. Be3 Kc6 57. Ba7 Kc7 58. Be3 Be7 59. Ba7 Kc8 60. Be3 Bd8 61. Bc5 Kb7 62. Be3 Bc7 63. Bc5 Bb6 64. Bxb6 Kxb6 65. Kb2 Kc6 66. Kc3 Ba2 67. Kd2 Be6 68. Bd3 Bb3 69. Bc2 Ba2 70. Bd3 Kb6 71. Bc2 Be6 72. Bd3 Bd7 73. Bc2 Kc6 74. Bd3 Kd6 75. Kc3 Bc6 76. Bc2 Kc7 77. Bd3 Kb6 78. Kd2 f5 79. gxf5 Kc7 80. Ke3 Kd6 81. Kd2 Ke7 82. Be2 Kf6 83. Ke3 Bd7 84. Bd3 Be8 85. Bf1 Bd7 86. Be2 Bc6 87. Bf1 Bd7 88. Bd3 Bc6 89. Kf2 Bd7 90. Ke3 1/2-1/2


[Site "https://www.chess.com"]

[Event "Titled Tuesday Blitz July 05 Late 2022"]
[White "Dubov, Daniil"]
[Black "Bortnyk, Olexandr"]
[WhiteFideId "24126055"]
[BlackFideId "14120828"]
[WhiteElo "2791"]
[BlackElo "2723"]
[Result "1/2-1/2"]
[Round "10"]
[TimeControl "180+1"]
[Date "2022.07.05"]
[WhiteClock "0:00:04"]
[BlackClock "0:00:03"]

1. e4 Nf6 2. e5 Nd5 3. d4 d6 4. Nf3 dxe5 5. Nxe5 c6 6. Be2 Bf5 7. O-O Nd7 8. Nf3 e6 9. c4 N5f6 10. Nc3 Bd6 11. Nh4 Bg6 12. g3 O-O 13. Be3 Re8 14. Qb3 Qc7 15. Rad1 a5 16. Nxg6 hxg6 17. Rfe1 Bb4 18. a3 Bxc3 19. bxc3 e5 20. Rb1 Rab8 21. a4 b6 22. Kg2 c5 23. Bf3 Rbc8 24. dxe5 Qxe5 25. Qc2 Qe6 26. Rbd1 Qxc4 27. Be2 Qe4+ 28. Qxe4 Rxe4 29. Bb5 Nf8 30. Rd6 Re6 31. Red1 Ne4 32. R6d3 c4 33. Rd8 Rxd8 34. Rxd8 Nxc3 35. Bxc4 Rc6 36. Bb5 Re6 37. Bc1 Nxb5 38. axb5 f5 39. Ba3 Rf6 40. f4 a4 41. Kf3 Rf7 42. Ke3 g5 43. fxg5 g6 44. h4 Kg7 45. Bb2+ Kg8 46. Bf6 Ra7 47. Ba1 Kf7 48. Rd6 Ne6 49. Rxb6 a3 50. Ra6 Rb7 51. Rxa3 Rxb5 52. Ra7+ Ke8 53. Bf6 Rb3+ 54. Kf2 Nc5 55. Re7+ Kf8 56. Rg7 Ne4+ 57. Ke1 Rxg3 58. Rxg6 f4 59. Be5 Re3+ 60. Kf1 Nd2+ 61. Kf2 Rxe5 62. Rf6+ Kg7 63. Rxf4 Kg6 64. Rf6+ Kh5 65. Rh6+ Kg4 66. g6 Ne4+ 67. Ke3 Nd6+ 68. Kd4 Re1 69. Kd5 Nf5 70. Rh7 Re8 71. g7 Rg8 72. Ke6 Rxg7 73. Rxg7+ Nxg7+ 74. Kf6 Kxh4 1/2-1/2


[Site "https://www.chess.com"]

[Event "Titled Tuesday Blitz July 05 Late 2022"]
[White "Fedoseev, Vladimir"]
[Black "Andreikin, Dmitry"]
[WhiteFideId "24130737"]
[BlackFideId "4158814"]
[WhiteElo "2726"]
[BlackElo "2736"]
[Result "0-1"]
[Round "10"]
[TimeControl "180+1"]
[Date "2022.07.05"]
[WhiteClock "0:00:07"]
[BlackClock "0:00:14"]

1. e4 c5 2. Nf3 e6 3. d4 cxd4 4. Nxd4 Nc6 5. Nc3 a6 6. Qd3 Nxd4 7. Qxd4 Ne7 8. Bf4 Nc6 9. Qd2 b5 10. a3 Bb7 11. Be2 Bc5 12. Bd6 Bxd6 13. Qxd6 Qb8 14. Qd2 O-O 15. Rd1 Rc8 16. O-O Ne5 17. f4 Nc4 18. Bxc4 bxc4 19. Qxd7 Bc6 20. Qd4 Qxb2 21. f5 exf5 22. Rxf5 Qxc2 23. Rdf1 Qd3 24. Qxd3 cxd3 25. Rd1 Bd7 26. Rd5 Rxc3 27. Rxd7 Rxa3 28. e5 h6 29. Rb1 Re8 30. Rbb7 Rxe5 31. Rxf7 d2 32. Rxg7+ Kf8 33. Rgf7+ Ke8 34. Rf1 Re1 35. Rb1 Rxb1 36. Rxb1 Rc3 0-1


[Site "https://www.chess.com"]

[Event "Titled Tuesday Blitz July 05 Late 2022"]
[White "Ferreira, Vitor Hugo Vieira"]
[Black "Zajic, Milan"]
[WhiteFideId "2119765"]
[BlackFideId "912336"]
[WhiteElo "2168"]
[BlackElo "2445"]
[Result "1-0"]
[Round "10"]
[TimeControl "180+1"]
[Date "2022.07.05"]
[WhiteClock "0:00:11"]
[BlackClock "0:00:01"]

1. d4 Nf6 2. c4 e6 3. Nf3 Bb4+ 4. Nbd2 d5 5. Qa4+ Nc6 6. e3 Bd7 7. Qc2 O-O 8. Bd3 dxc4 9. Bxc4 Bd6 10. O-O e5 11. dxe5 Nxe5 12. Nxe5 Bxe5 13. Nf3 Bd6 14. e4 Ng4 15. h3 Ne5 16. Nxe5 Bxe5 17. Be3 Be6 18. Bxe6 fxe6 19. Qb3 Qc8 20. f4 Bf6 21. e5 Bh4 22. f5 Kh8 23. f6 c5 24. Qc4 g5 25. Qg4 Qc7 26. Bxg5 Bxg5 27. Qxg5 Rg8 28. Qf4 Rg6 29. Rf2 c4 30. Rd1 Rag8 31. Rd6 c3 32. bxc3 Qxc3 33. Kh2 Qc5 34. Rd7 Qc6 35. Rdd2 Qc5 36. Qd4 Qc6 37. Qd6 Qe4 38. f7 Rxg2+ 39. Rxg2 Qf4+ 40. Kg1 Qe3+ 41. Rf2 1-0


[Site "https://www.chess.com"]

[Event "Titled Tuesday Blitz July 05 Late 2022"]
[White "Fishbein, Alexander"]
[Black "D`Arruda, Ricardo D."]
[WhiteFideId "2000377"]
[BlackFideId "100692"]
[WhiteElo "2410"]
[BlackElo "2469"]
[Result "1-0"]
[Round "10"]
[TimeControl "180+1"]
[Date "2022.07.05"]
[WhiteClock "0:00:37"]
[BlackClock "0:00:12"]

1. e4 c5 2. Nf3 Nc6 3. Bb5 g6 4. Bxc6 dxc6 5. d3 c4 6. d4 Bg7 7. O-O Nf6 8. Re1 O-O 9. a4 b5 10. Na3 a6 11. c3 Nd7 12. Nc2 Nb6 13. axb5 cxb5 14. Bf4 Bb7 15. Be5 Na4 16. Qc1 Bxe5 17. Nxe5 Qc7 18. Re3 f6 19. Ng4 h5 20. Nh6+ Kh7 21. Rh3 Bxe4 22. Ng4 Bf5 23. Qh6+ Kg8 24. Nce3 Bd3 25. Nd5 Qd6 26. Nf4 f5 27. Ne5 Rf6 28. Nfxg6 f4 29. Qh8# 1-0


[Site "https://www.chess.com"]

[Event "Titled Tuesday Blitz July 05 Late 2022"]
[White "Freitag, Manfred"]
[Black "Dilmukhametov, Artur"]
[WhiteFideId "1602004"]
[BlackFideId "24179922"]
[WhiteElo "2292"]
[BlackElo "2206"]
[Result "1-0"]
[Round "10"]
[TimeControl "180+1"]
[Date "2022.07.06"]
[WhiteClock "0:00:48"]
[BlackClock "0:00:16"]

1. e4 e6 2. d4 d5 3. e5 c5 4. c3 Qb6 5. Nf3 Nc6 6. Bd3 cxd4 7. O-O Bd7 8. Nbd2 dxc3 9. bxc3 a6 10. Nb3 Nge7 11. Rb1 Qc7 12. Re1 Ng6 13. Qe2 Be7 14. Nbd4 O-O 15. h4 Rfc8 16. h5 Nf8 17. h6 g6 18. Qe3 Na5 19. Bd2 b5 20. Qf4 Nc4 21. Bxc4 dxc4 22. Ng5 Be8 23. Ne4 Nd7 24. Nf3 Rd8 25. Be3 Nc5 26. Bxc5 Bxc5 27. Nf6+ Kf8 28. Nxh7+ Ke7 29. Nf6 Bc6 30. Ng5 Rf8 31. Rbd1 Rad8 32. Nfh7 Rxd1 33. Rxd1 Ke8 34. Nf6+ Ke7 35. h7 Rh8 36. Ng8+ Kf8 37. Nxe6+ 1-0


[Site "https://www.chess.com"]

[Event "Titled Tuesday Blitz July 05 Late 2022"]
[White "Goncalves, Davi Sulzbacher"]
[Black "Premnath, R."]
[WhiteFideId "2154510"]
[BlackFideId "5021928"]
[WhiteElo "2107"]
[BlackElo "2609"]
[Result "1-0"]
[Round "10"]
[TimeControl "180+1"]
[Date "2022.07.05"]
[WhiteClock "0:00:27"]
[BlackClock "0:00:04"]

1. e4 c5 2. Nc3 Nc6 3. Nf3 g6 4. Bb5 Nd4 5. O-O Nxb5 6. Nxb5 d5 7. exd5 a6 8. Nc3 Nf6 9. d4 c4 10. Ne5 Bg7 11. Nxc4 O-O 12. Re1 Re8 13. d6 exd6 14. Bg5 Rxe1+ 15. Qxe1 d5 16. Ne3 Be6 17. Qe2 h6 18. Bh4 g5 19. Bg3 Ne4 20. Nxe4 dxe4 21. c3 f5 22. Be5 Bxe5 23. dxe5 Qc7 24. Qh5 Kh7 25. h4 Rg8 26. hxg5 Rxg5 27. Qe8 Qxe5 28. Rd1 Qf6 29. Rd6 Rg6 30. Nd5 Qg7 31. g3 Bf7 32. Qe7 Rxd6 33. Qxd6 Bxd5 34. Qxd5 Kg6 35. a4 Qe7 36. a5 Kf6 37. b4 h5 38. Qg8 Ke5 39. Qb8+ Kd5 40. Qc8 h4 41. Qxf5+ Kc4 42. Qc8+ Kd3 43. gxh4 Ke2 44. Qh3 Qg7+ 45. Qg2 Qe5 46. f4+ 1-0


[Site "https://www.chess.com"]

[Event "Titled Tuesday Blitz July 05 Late 2022"]
[White "Gubajdullin, Alexei"]
[Black "Raja Rithvik R"]
[WhiteFideId "4141202"]
[BlackFideId "35007394"]
[WhiteElo "2190"]
[BlackElo "2255"]
[Result "0-1"]
[Round "10"]
[TimeControl "180+1"]
[Date "2022.07.05"]
[WhiteClock "0:00:01"]
[BlackClock "0:00:22"]

1. c4 e6 2. Nf3 d5 3. b3 Nf6 4. g3 d4 5. Bg2 c5 6. O-O Nc6 7. e3 Bd6 8. exd4 cxd4 9. Ba3 O-O 10. Bxd6 Qxd6 11. d3 e5 12. Re1 h6 13. a3 a5 14. Nbd2 Bf5 15. Qc2 Rfe8 16. c5 Qc7 17. Nc4 e4 18. dxe4 Rxe4 19. Qd2 Rxe1+ 20. Rxe1 Ne4 21. Rxe4 Bxe4 22. Nxd4 Bxg2 23. Kxg2 Rd8 24. Nd6 Nxd4 25. Qxd4 b6 26. b4 bxc5 27. bxc5 Qc6+ 28. f3 Rb8 29. Nf5 Qf6 30. Qe4 Rb2+ 31. Kh3 Qe6 32. Qg4 Qf6 33. c6 Rc2 34. Qe4 Rc5 35. Nd4 Qe5 36. Qxe5 Rxe5 0-1


[Site "https://www.chess.com"]

[Event "Titled Tuesday Blitz July 05 Late 2022"]
[White "Hakobyan, Aram"]
[Black "Deac, Bogdan-Daniel"]
[WhiteFideId "13306677"]
[BlackFideId "1226380"]
[WhiteElo "2557"]
[BlackElo "2648"]
[Result "1-0"]
[Round "10"]
[TimeControl "180+1"]
[Date "2022.07.05"]
[WhiteClock "0:02:01"]
[BlackClock "0:00:08"]

1. e4 c5 2. Nc3 a6 3. g3 g6 4. Nge2 Bg7 5. d4 cxd4 6. Nxd4 d6 7. Bg2 Nf6 8. O-O O-O 9. Re1 Bd7 10. Nd5 Nc6 11. Be3 Ng4 12. Nxc6 bxc6 13. Bb6 Qb8 14. Nxe7+ Kh8 15. Bd4 Qc7 16. h3 Nh6 17. g4 Bxg4 18. Bxg7+ Kxg7 19. Qd4+ f6 20. hxg4 Qxe7 21. g5 Nf7 22. f4 c5 23. Qxf6+ Qxf6 24. gxf6+ Kg8 25. e5 Ra7 26. e6 Nh6 27. e7 1-0


[Site "https://www.chess.com"]

[Event "Titled Tuesday Blitz July 05 Late 2022"]
[White "He, Anthony"]
[Black "Halkias, Stelios"]
[WhiteFideId "2088215"]
[BlackFideId "4201809"]
[WhiteElo "2409"]
[BlackElo "2453"]
[Result "1-0"]
[Round "10"]
[TimeControl "180+1"]
[Date "2022.07.05"]
[WhiteClock "0:00:45"]
[BlackClock "0:00:04"]

1. e4 c5 2. Nf3 d6 3. d4 cxd4 4. Nxd4 Nf6 5. Nc3 a6 6. h3 e5 7. Nde2 h5 8. g3 Be6 9. Bg2 Nbd7 10. O-O Be7 11. a4 Rc8 12. Be3 Nb6 13. b3 O-O 14. a5 Nbd7 15. f4 exf4 16. gxf4 Nb8 17. Na4 Nc6 18. Nb6 Rc7 19. c4 Re8 20. Nc3 Bf8 21. Qd2 h4 22. Nbd5 Bxd5 23. cxd5 Ne7 24. Bb6 Ng6 25. Rac1 Qc8 26. Ne2 Rxc1 27. Rxc1 Qa8 28. Qc2 Nd7 29. Bf2 Qd8 30. Qc7 Nf6 31. Qxd8 Rxd8 32. f5 Ne5 33. Bxh4 Re8 34. Rc7 Nd3 35. Nc3 Re7 36. Rc4 Re8 37. Bg5 Be7 38. Na4 Nxd5 39. Bd2 Nf6 40. Rc7 Bd8 41. Rc8 d5 42. exd5 Nh5 43. d6 Kh7 44. d7 Re2 45. Rxd8 Rxd2 46. Rh8+ Kxh8 47. d8=Q+ Kh7 48. Qg5 Ndf4 49. Bf1 Rd1 50. Qg4 Rd2 51. Nc3 1-0


[Site "https://www.chess.com"]